cohdb
Replays
Latest Replays
All Replays
Popular Replays
Top Player Replays
Match Explorer
How It Works
Community
CoH3 Stats
Reddit
Sign in to upload your games and track your stats! →
Sign in with Steam
Match 32860310
Unlisted
Match 32860310
Overview
Messages
Build Orders
End
Pioneer Squad
Selects Italian Coastal Battlegroup
Selects Coastal Reserves
Coastal Reserve
Coastal Reserve
Coastal Reserve
Construct Infanterie Kompanie
MG 42 Machine Gun Team
Construct Luftwaffe Kompanie
Medical Station
Selects Designate Defensive Line
Designate Defensive Line
Flak 30 Anti-aircraft Gun Team
Designate Defensive Line
Jäger Squad
Selects Artillery Officer
Medical Bunker
Support Elements
Artillery Officer
Selects Designated Artillery Overwatch
Designated Artillery Overwatch
el campo
Доктор Гувер[POINTRUNNER]
MaXiS
hosconinja557[CI]
Hooked
ChunKee
0
0
Comments
sign in to comment!
No comments posted yet!